 Dungeon Crawl Stone Soup version 0.22-a0-447-gee5f7238b3 (webtiles) character file.

11442 Kriby the Spear-Bearer (level 11, -2/81 HPs)
             Began as a Merfolk Skald on June 3, 2018.
             Was a Believer of Hepliaklqana.
             Slain by Snorg (10 damage)
             ... on level 10 of the Dungeon.
             The game lasted 00:21:31 (14224 turns).

Kriby the Spear-Bearer (Merfolk Skald)             Turns: 14224, Time: 00:21:31

Health: -2/81      AC:  8    Str: 15    XL:     11   Next: 77%
Magic:  0/14       EV: 19    Int: 13    God:    Hepliaklqana [**....]
Gold:   641        SH:  0    Dex: 13    Spells: 5/14 levels left

rFire    + . .     SeeInvis .   a - +2 trident (venom)
rCold    + . .     Gourm    .   (no shield)
rNeg     . . .     Faith    .   n - +0 steam dragon scales
rPois    .         Spirit   +   (no helmet)
rElec    .         Reflect  .   (no cloak)
rCorr    .         Harm     .   m - +1 pair of gloves
MR       .....                  i - +0 pair of boots
Stlth    ++........             l - amulet of guardian spirit
HPRegen  0.00/turn              f - ring of protection from fire
MPRegen  0.14/turn              (no ring)

@: silence
A: change form in water, swift swim, stealthy swim, reduced essence, cold
resistance 1, inhibited regeneration
a: Renounce Religion


You were on level 10 of the Dungeon.
You worshipped Hepliaklqana.
Hepliaklqana was pleased with you.
You were hungry.

You visited 2 branches of the dungeon, and saw 11 of its levels.

You collected 641 gold pieces.

Inventory:

Hand Weapons
 a - a +2 trident of venom (weapon)
 s - a -1 halberd
Armour
 i - a +0 pair of boots (worn)
 m - a +1 pair of gloves (worn)
 n - +0 steam dragon scales (worn)
 u - a +0 ring mail of fire resistance
Jewellery
 f - a ring of protection from fire (left hand)
 l - an amulet of guardian spirit (around neck)
 q - an uncursed ring of resist corrosion {unknown}
Wands
 g - a wand of scattershot (1) {@v5}
 r - a wand of disintegration (19)
 x - a wand of clouds (6) {@v3}
Scrolls
 c - 2 scrolls of remove curse {@r2}
 e - 2 scrolls of teleportation {@r3}
 j - 2 scrolls of random uselessness
 p - 11 scrolls of identify {@r1}
 t - 2 scrolls of immolation
 v - 2 scrolls of magic mapping
 y - a scroll of enchant weapon {unknown}
Potions
 b - 2 potions of flight
Comestibles
 d - 24 rations {@e1}
 k - 2 chunks of flesh


   Skills:
 + Level 9.7 Fighting
 - Level 14.0 Polearms
 - Level 0.6 Armour
 + Level 11.3 Dodging
 + Level 6.7 Stealth
 - Level 2.0 Spellcasting
 - Level 9.0 Charms


You had 5 spell levels left.
You knew the following spells:

 Your Spells              Type           Power        Failure   Level  Hunger
a - Infusion              Chrm           ###.         1%          1    ##.....
b - Shroud of Golubria    Chrm/Tloc      ##........   6%          2    ###....
r - Regeneration          Chrm/Necr      ##........   12%         3    ####...
w - Spectral Weapon       Hex/Chrm       ##......     12%         3    ####...

Your spell library contained the following spells:

 Spells                   Type           Power        Failure   Level  Hunger
 Conjure Flame            Conj/Fire      #.......     58%         3    ####...
 Freezing Cloud           Conj/Ice/Air   #.........   100%        6    #######
 Mephitic Cloud           Conj/Pois/Air  #.......     58%         3    ####...
 Ring of Flames           Chrm/Fire      ##........   100%        7    #######
 Song of Slaying          Chrm           ###.....     1%          2    ###....
 Poisonous Vapours        Pois/Air       #.....       36%         2    ###....


Dungeon Overview and Level Annotations

Branches:
Dungeon (10/15)            Temple (1/1) D:5            Lair (0/6) D:10
    Orc: D:9-12

Altars:
Cheibriados
Dithmenos
Elyvilon
Fedhas
Gozag
Hepliaklqana
Kikubaaqudgha
Nemelex Xobeh
Okawaru
Ru
Trog
Wu Jian
Xom

Annotations:
D:10 Snorg


Innate Abilities, Weirdness & Mutations

You revert to your normal form in water.
You are very nimble and swift while swimming.
You are very stealthy in the water. (Stealth+)
Your life essence is reduced to manifest your ancestor. (-10% HP)
Your flesh is cold resistant. (rC+)
You do not regenerate when monsters are visible.


Message History

Snorg claws you.
* * * LOW HITPOINT WARNING * * *
Snorg claws you.
* * * LOW HITPOINT WARNING * * *
You turn to flesh and can move again.
As you read the scroll labeled EFOHEF CEL XAU, it crumbles to dust.
A profound silence engulfs you.
It was a scroll of silence.
Snorg barely misses you. x2; Snorg completely misses you.
A wraith comes into view.
Okay, then.
Evoke which item? (* to show all) (? for menu, Esc to quit)
Aiming: Scattershot
Press: ? - help, Shift-Dir - straight line, f - Snorg
Aim: Snorg (silenced, berserk, fast, unusually strong)
The burst of metal fragments hits Snorg. x3
Snorg is lightly wounded.
Snorg barely misses you. Snorg closely misses you. Snorg claws you.
* * * LOW HITPOINT WARNING * * *
Snorg barely misses you. Snorg claws you!
You die...

#.....<....#
#..........#
#..[...W...#####
######.....#...##
#.....#....###
#.....#W..W..
#.....#....###
#.....#...P.P.
#..T@$#...♣..$
#...........r.
#..>....P♣....
#..........♣ P
#....P.♣......
#....PP..P..PP
.............>P
..............P
..#+#(.....PPP.


You could see Snorg (berserk) and a wraith.

Vanquished Creatures
  Josephine (D:10)
  Erolcha (D:10)
  2 two-headed ogres (D:8)
  The ghost of marsu the Fighter, a novice OgHu of Ru (D:8)
  A deep elf mage (D:9)
  The ghost of htuhola the Thaumaturge, a novice DEFE (D:6)
  A queen bee (D:9)
  2 hippogriffs
  2 wraiths (D:10)
  A wyvern (D:9)
  3 yaks (D:10)
  A steam dragon (D:7)
  2 orc warriors (D:9)
  4 ice beasts
  3 sky beasts
  2 phantoms
  2 centaurs
  5 ogres
  A crocodile (D:10)
  2 big kobolds (D:9)
  5 bullfrogs
  2 wyvern skeletons
  4 scorpions
  A water moccasin skeleton (D:9)
  16 killer bees
  10 wights
  A howler monkey (D:9)
  3 crimson imps
  A bullfrog zombie (D:7)
  5 hounds
  8 orc wizards
  4 orc priests
  3 iguanas
  6 worker ants
  2 hound zombies (D:7)
  A worker ant zombie (D:9)
  2 gnolls (D:6)
  24 adders
  2 shadow imps
  2 oozes
  4 adder skeletons
  6 worms
  3 dart slugs
  5 leopard geckos
  20 orcs
  6 bats
  4 giant cockroaches
  3 goblins
  4 hobgoblins
  4 quokkas
  A ball python (D:1)
  3 frilled lizards
  21 kobolds
  9 rats
233 creatures vanquished.

Vanquished Creatures (collateral kills)
  2 wraiths (D:10)
  A yak (D:10)
  A water moccasin (D:9)
  A phantom (D:6)
  A big kobold (D:7)
  3 wights
  A bullfrog skeleton (D:7)
  2 iguanas
  A hound skeleton (D:7)
  A worker ant zombie (D:8)
  An adder (D:9)
  A gnoll (D:6)
  An orc (D:8)
  3 kobolds
20 creatures vanquished.

Vanquished Creatures (others)
  7 hexers
  3 ancestors
  A bush (D:10)
  3 fungi (D:10)
  19 plants (D:10)
  2 spectral weapons
35 creatures vanquished.

Grand Total: 288 creatures vanquished

Notes
Turn   | Place    | Note
-------+----------+-------------------------------------------
     0 | D:1      | Kriby the Merfolk Skald began the quest for the Orb.
     0 | D:1      | Reached XP level 1. HP: 16/16 MP: 3/3
   310 | D:1      | Reached XP level 2. HP: 8/23 MP: 0/5
   919 | D:1      | Reached skill level 4 in Polearms
  1102 | D:1      | Reached XP level 3. HP: 24/28 MP: 0/6
  1986 | D:2      | Reached XP level 4. HP: 30/34 MP: 2/7
  2283 | D:2      | Reached skill level 5 in Polearms
  3205 | D:3      | Reached XP level 5. HP: 41/41 MP: 4/8
  3748 | D:3      | Noticed a phantom
  3777 | D:3      | Killed a phantom
  3777 | D:3      | Reached skill level 6 in Polearms
  3777 | D:3      | Reached XP level 6. HP: 8/48 MP: 1/9
  4675 | D:4      | Reached skill level 7 in Polearms
  4841 | D:4      | Reached skill level 5 in Dodging
  5097 | D:4      | Learned a level 2 spell: Shroud of Golubria
  5101 | D:4      | Learned a level 3 spell: Spectral Weapon
  5105 | D:4      | Learned a level 3 spell: Regeneration
  5277 | D:4      | Reached XP level 7. HP: 55/55 MP: 8/10
  5652 | D:4      | Reached skill level 8 in Polearms
  6305 | D:5      | Entered Level 5 of the Dungeon
  6621 | D:5      | Found a staircase to the Ecumenical Temple.
  6630 | Temple   | Entered the Ecumenical Temple
  6664 | Temple   | Became a worshipper of Hepliaklqana the Forgotten
  7323 | D:6      | Reached skill level 5 in Fighting
  7323 | D:6      | Reached skill level 9 in Polearms
  7410 | D:6      | Reached XP level 8. HP: 55/55 MP: 11/11
  7862 | D:6      | Reached skill level 10 in Polearms
  7927 | D:6      | Noticed htuhola's ghost (novice DEFE)
  7946 | D:6      | Gained mutation: You do not regenerate when monsters are visible. [potion of mutation]
  7946 | D:6      | Gained mutation: Your flesh is cold resistant. (rC+) [potion of mutation]
  7968 | D:6      | Killed htuhola's ghost
  7968 | D:6      | Reached skill level 11 in Polearms
  7968 | D:6      | Reached XP level 9. HP: 57/63 MP: 5/12
  8554 | D:7      | Reached skill level 12 in Polearms
  8835 | D:7      | Found a snail-covered altar of Cheibriados.
  9302 | D:7      | Reached * piety under Hepliaklqana
  9459 | D:7      | Reached skill level 1 in Stealth
  9559 | D:7      | Reached skill level 13 in Polearms
 10193 | D:8      | Reached XP level 10. HP: 65/71 MP: 7/13
 10533 | D:8      | Noticed marsu's ghost (novice OgHu)
 10585 | D:8      | Killed marsu's ghost
 10585 | D:8      | Reached skill level 5 in Charms
 10958 | D:8      | Reached ** piety under Hepliaklqana
 10959 | D:8      | Remembered your ancestor Demise as a hexer
 11102 | D:8      | Noticed a two-headed ogre
 11117 | D:8      | Killed a two-headed ogre
 11117 | D:8      | Reached skill level 14 in Polearms
 11509 | D:9      | Noticed a two-headed ogre
 11706 | D:9      | Reached skill level 10 in Dodging
 11727 | D:8      | Killed a two-headed ogre
 11727 | D:8      | Reached XP level 11. HP: 43/78 MP: 0/14
 12077 | D:9      | Reached skill level 5 in Stealth
 12220 | D:9      | Noticed a deep elf mage
 12640 | D:9      | Killed a deep elf mage
 13674 | D:10     | Entered Level 10 of the Dungeon
 13676 | D:10     | Noticed Erolcha
 13690 | D:10     | Killed Erolcha
 13799 | D:10     | Found a staircase to the Lair.
 13800 | D:10     | Noticed Josephine
 14194 | D:10     | Killed Josephine
 14213 | D:10     | Noticed Snorg
 14224 | D:10     | Slain by Snorg

Vault maps used:
D:1:      dpeg_arrival_tiny_k, minmay_crystal_room
D:3:      cheibrodos_sewer_entry_bend
D:4:      first_ration
D:5:      temple_doors_e, fountainhead, corexii_item_surrounded_by_moat,
          hangedman_decor_points, kennysheep_generic_room_14
D:7:      nicolae_overflow_crystal_walls
D:9:      david_nohive_1
D:10:     minmay_lair_entry_grove, uniq_snorg, uniq_erolcha, uniq_josephine
Temple:   compressed_dpeg_circular_temple

Skill      XL: |  1  2  3  4  5  6  7  8  9 10 11 |
---------------+----------------------------------+-----
Dodging        | 3 4 5 6 7 9 10 11 | 11.3
Polearms       | 4 5 6 7 9 11 13 14 | 14.0
Fighting       | 3 4 5 6 7 8 9 |  9.7
Stealth        | 1 4 6 |  6.7
Charms         | 4 7 9 |  9.0
Armour         | |  0.6
Spellcasting   | |  2.0

Action                   |  1- 3 |  4- 6 |  7- 9 | 10-12 || total
-------------------------+-------+-------+-------+-------++-------
Melee: Spear             |    80 |   227 |       |       ||   307
       Whip              |    25 |       |       |       ||    25
       Trident           |       |    12 |   347 |   380 ||   739
 Cast: Infusion          |    18 |    22 |    20 |    15 ||    75
       Shroud of Golubri |       |       |     3 |    13 ||    16
       Spectral Weapon   |       |       |       |    10 ||    10
       Regeneration      |       |       |       |     7 ||     7
Invok: Ancestor Identity |       |       |     2 |       ||     2
       Recall Ancestor   |       |       |       |     2 ||     2
       Ancestor Life: He |       |       |       |     1 ||     1
Evoke: Wand              |       |       |       |     4 ||     4
  Use: Scroll            |       |     6 |     4 |     3 ||    13
       Potion            |       |     1 |     5 |     5 ||    11
 Stab: Distracted        |       |       |     2 |     3 ||     5
       Invisible         |       |       |       |     6 ||     6
       Sleeping          |       |       |       |     6 ||     6
       Confused          |       |       |       |     2 ||     2
  Eat: Chunk             |     4 |    11 |    10 |    13 ||    38
       Ration            |       |       |     2 |     1 ||     3
Armor: Leather armour    |    13 |       |       |       ||    13
       Ring mail         |    10 |    33 |    39 |       ||    82
       Steam dragon scal |       |       |    13 |    60 ||    73
Dodge: Dodged            |    54 |    90 |   134 |   173 ||   451

Table legend:
 A = Spawn XP
 B = Non-spawn XP
 C = Spawn XP percentage of total XP
 D = Spawn monster count
 E = Non-spawn monster count
 F = Spawn count percentage of total count
 G = Total turns spent on level
                    A         B        C        D         E        F      G
               +---------+---------+-------+---------+---------+-------+---------
         Total |       0 |   16347 |   0.0 |       0 |     253 |   0.0 | 14224
               +---------+---------+-------+---------+---------+-------+---------
           D:1 |       0 |      36 |   0.0 |       0 |      19 |   0.0 |  1418
           D:2 |       0 |     116 |   0.0 |       0 |      18 |   0.0 |  1686
           D:3 |       0 |     245 |   0.0 |       0 |      27 |   0.0 |  1590
           D:4 |       0 |     373 |   0.0 |       0 |      17 |   0.0 |  1611
           D:5 |       0 |     263 |   0.0 |       0 |      11 |   0.0 |  1027
           D:6 |       0 |    1761 |   0.0 |       0 |      27 |   0.0 |  1153
           D:7 |       0 |    1424 |   0.0 |       0 |      35 |   0.0 |  1400
           D:8 |       0 |    4591 |   0.0 |       0 |      36 |   0.0 |  2586
           D:9 |       0 |    3300 |   0.0 |       0 |      50 |   0.0 |  1188
          D:10 |       0 |    4238 |   0.0 |       0 |      13 |   0.0 |   514
               +---------+---------+-------+---------+---------+-------+---------
